 Dungeon Crawl Stone Soup version 0.18-a0-1577-gf591c28 (webtiles) character file.

300 M4edhros the Sneak (level 6, -5/38 HPs)
             Began as an Octopode Artificer on Mar 20, 2016.
             Slain by Edmund
             ... wielding a +2 dire flail of crushing
              (8 damage)
             ... on level 4 of the Dungeon.
             The game lasted 00:04:10 (3416 turns).

M4edhros the Sneak (Octopode Artificer)             Turns: 3416, Time: 00:04:10

Health: -5/38      AC:  1    Str: 11    XL:     6   Next: 36%
Magic:  8/8        EV: 14    Int: 14    God:
Gold:   145        SH:  0    Dex: 14    Spells: 0 memorised, 5 levels left

rFire  . . .     SeeInvis .     a - +0 short sword
rCold  . . .     Gourm    .     (no shield)
rNeg   . . .     Faith    .     (helmet restricted)
rPois  .         Spirit   .     (no amulet)
rElec  .         Dismiss  .     (no ring)
rCorr  .         Reflect  .     (no ring)
SustAt .         Harm     .     (no ring)
MR     .....                    (no ring)
Stlth  +++++.....               (no ring)
                                (no ring)
                                (no ring)
                                (no ring)

@: not resistant to hostile enchantments, quite stealthy
A: almost no armour, amphibious, 8 rings, constrict 8, camouflage 1, gelatinous
body 1
a: no special abilities


You were on level 4 of the Dungeon.
You were not hungry.

You visited 1 branch of the dungeon, and saw 4 of its levels.

You collected 145 gold pieces.

Inventory:

Hand Weapons
 a - a +0 short sword (weapon)
Missiles
 p - 13 exploding sling bullets
 t - 13 sling bullets
Wands
 b - a wand of flame (11/48)
 c - a wand of enslavement (13/24)
 d - a wand of random effects (13/48)
 s - a wand of disintegration (12/24)
Scrolls
 e - 3 scrolls of blinking {unknown}
 h - 3 scrolls of remove curse {unknown}
 k - 4 scrolls of recharging {unknown}
 m - 5 scrolls of identify {unknown}
 q - a scroll of random uselessness {unknown}
Potions
 i - 4 potions of curing {unknown}
 j - a potion of magic {unknown}
 l - a potion of invisibility {unknown}
 o - 2 potions of degeneration {unknown}
 r - a potion of haste {unknown}
Comestibles
 f - 3 bread rations
 g - a slice of pizza
 n - 5 fruits


   Skills:
 - Level 1.0 Fighting
 - Level 1.0 Short Blades
 + Level 4.8 Dodging
 + Level 6.2 Stealth
 - Level 3.2 Evocations


You had 5 spell levels left.
You didn't know any spells.

Dungeon Overview and Level Annotations

Branches:
Dungeon (4/15)
 Temple: D:4-7

Altars:
Elyvilon
Nemelex Xobeh
Pakellas
Trog
Vehumet

Annotations:
D:4 Edmund


Innate Abilities, Weirdness & Mutations

You cannot wear most types of armour.
You are amphibious.
You can wear up to eight rings at the same time.
You can use your tentacles to constrict eight enemies at once.
Your skin changes colour to match your surroundings (Stealth).
Your rubbery body absorbs attacks (AC +1).


Message History

The floor, spattered with blood.
Evoke which item? (* to show all) (? for menu, Esc to quit)
Zapping:
s - a wand of disintegration (will waste charges)
Press: ? - help, Shift-Dir - straight line, f - Edmund
Aim: Edmund, wielding a dire flail of crushing and wearing a chain mail (moderately wounded, constricted by you, chance to defeat MR: 75%) Edmund is blasted.
Evoking this partially-identified wand wasted a few charges.
You constrict Edmund.
Edmund hits you with a dire flail of crushing!
* * * LOW HITPOINT WARNING * * *
x2 Unknown command.
Evoke which item? (* to show all) (? for menu, Esc to quit)
Zapping:
s - a wand of disintegration {zapped: 2} (will waste charges)
Press: ? - help, Shift-Dir - straight line, f/p - Edmund
Aim: Edmund, wielding a dire flail of crushing and wearing a chain mail (severely wounded, constricted by you, chance to defeat MR: 75%) Edmund struggles to resist.
Evoking this partially-identified wand wasted a few charges.
You constrict Edmund.
Edmund hits you with a dire flail of crushing!
You die...

...............+
...............#
...............##
..................
........#######...
........#.....#....
...<....'.....# ...
........####'##
........#...@.#
........#...@.#
........+.....#
........#######
......... ###....


You could see Edmund.

Vanquished Creatures
  The ghost of M4edhros the Vexing, an amateur OpAM (D:3)
  A scorpion (D:3)
  A jelly (D:4)
  2 gnolls
  5 adders
  3 oozes
  4 worms
  A dart slug (D:3)
  A giant gecko (D:1)
  An orc (D:3)
  7 bats
  2 giant cockroaches
  4 goblins
  7 hobgoblins (D:2)
  3 quokkas
  4 giant newts
  5 kobolds
  5 rats
57 creatures vanquished.

Vanquished Creatures (collateral kills)
  2 gnolls (D:2)
2 creatures vanquished.

Grand Total: 59 creatures vanquished

Notes
Turn   | Place    | Note
--------------------------------------------------------------
     0 | D:1      | M4edhros the Octopode Artificer began the quest for the Orb.
     0 | D:1      | Reached XP level 1. HP: 13/13 MP: 3/3
    63 | D:1      | Reached skill level 2 in Stealth
    63 | D:1      | Reached XP level 2. HP: 9/18 MP: 4/4
   302 | D:1      | Reached skill level 3 in Stealth
   302 | D:1      | Reached XP level 3. HP: 16/23 MP: 5/5
   587 | D:1      | Found a sparkling altar of Nemelex Xobeh.
   808 | D:2      | Found a radiant altar of Vehumet.
  1143 | D:2      | Found a sparkling altar of Nemelex Xobeh.
  1182 | D:2      | Reached skill level 4 in Stealth
  1182 | D:2      | Reached XP level 4. HP: 10/28 MP: 6/6
  1750 | D:3      | Found an oddly glowing altar of Pakellas.
  1791 | D:3      | Found a white marble altar of Elyvilon.
  1990 | D:3      | Reached skill level 5 in Stealth
  1990 | D:3      | Reached XP level 5. HP: 16/33 MP: 7/7
  2000 | D:3      | Noticed M4edhros's ghost (amateur OpAM)
  2605 | D:3      | Killed M4edhros's ghost
  2605 | D:3      | Reached XP level 6. HP: 38/38 MP: 8/8
  2634 | D:3      | Noticed a moth of wrath
  2761 | D:3      | Found a bloodstained altar of Trog.
  3369 | D:4      | Reached skill level 6 in Stealth
  3410 | D:4      | Noticed Edmund
  3416 | D:4      | Slain by Edmund

Vault maps used:
D:1:      saegor_arrival_simple_e, serial_bayou_pond_d,
          nemelex_diamond_rough_becter
D:2:      nemelex_xobeh_ov_fountains_minmay, vehumet_crystals
D:3:      marbit_many_paths, tgw_trog, nicolae_overflow_hidden_temple,
          first_bread
D:4:      grunt_temple_overflow_order_and_chaos_1, minmay_unequal, uniq_edmund

Skill      XL: |  1  2  3  4  5  6 |
---------------+-------------------+-----
Stealth        | 2 3 4 5 6 |  6.2
Dodging        | 3 4 |  4.8
Fighting       | |  1.0
Short Blades   | |  1.0
Evocations     | |  3.2

Action                   |  1- 3 |  4- 6 || total
-------------------------+-------+-------++-------
Melee: Short sword       |    54 |    66 ||   120
Evoke: Wand              |       |    10 ||    10
 Stab: Sleeping          |    11 |    14 ||    25
  Eat: Chunk             |     1 |     7 ||     8
